Map: Orbital Shipyard

Players

ShinningPOKE

  • Race: Terran Terran
  • League: Platinum

LilDicky - Winner!

  • Race: Terran Terran
  • League: Diamond

VOD

http://www.twitch.tv/tumescentpie

Description

Time

  • Played on: Nov. 27, 2015, 1:44 a.m.
  • Length: 3:42
Show
View Real Time Build Order
Export as new Build Order

ShinningPOKE Terran 

Build Orders: 1/1/1 

Get SALT Encoding   

  12  0:01  SCV  
  13  0:13  SCV  
  14  0:18  Supply Depot  
  14  0:25  SCV  
  15  0:39  SCV  
  15  0:40  Barracks  
  16  0:47  Refinery  
  16  0:49  Refinery  
  16  0:54  SCV  
  17  1:06  SCV  
  18  1:18  SCV  
  19  1:30  Supply Depot  
  19  1:32  Factory  
  19  1:34  Marine  
  19  1:38  SCV  
  21  1:59  Marine  
  21  2:02  Orbital Command  
  21  2:17  Factory Tech Lab  
  21  2:18  Armory  
  21  2:27  Starport  
  21  2:46  Marine  
  21  2:49  Supply Depot  
  19  3:13  Marine  
Show
View Real Time Build Order
Export as new Build Order

LilDicky Terran - Winner!

Build Orders:  

Get SALT Encoding   

  12  0:01  SCV  
  13  0:13  SCV  
  14  0:18  Supply Depot  
  14  0:25  SCV  
  15  0:31  Refinery  
  15  0:39  SCV  
  16  0:46  Barracks  
  16  0:52  SCV  
  17  1:06  SCV, Barracks  
  18  1:22  Barracks  
  18  1:27  SCV  
  19  1:33  Reaper  
  20  1:42  Supply Depot  
  20  1:56  Reaper  
  21  2:05  Reaper  
  21  2:07  Supply Depot  
  22  2:10  Reaper  
  22  2:13  Refinery  
  23  2:19  Orbital Command  
  23  2:37  Reaper  
  23  2:43  Reaper  
  25  2:44  SCV  
  25  2:50  Supply Depot  
Tags
 
Add a new tag
Caveats
  • Supply blocks, unpowered buildings, or Contaminate may cause inaccurate times.
  • Supply counts are checked every 10 seconds.